 Dungeon Crawl Stone Soup version 0.30-a0-1018-g25214051b3 (webtiles) character file.

Game seed: 5202130642258222941

1824 LobsterGuardian the Insei (level 8, -10/56 HPs)
             Began as a Demonspawn Transmuter on Apr 8, 2023.
             Mangled by a boulder beetle (22 damage)
             ... on level 7 of the Dungeon.
             The game lasted 00:27:58 (8227 turns).

LobsterGuardian the Insei (Demonspawn Transmuter)   Turns: 8227, Time: 00:27:59

Health: -10/56     AC:  2    Str:  8 (10) XL:     8   Next: 86%
Magic:  2/14       EV: 14    Int: 13 (15) God:
Gold:   1605       SH:  0    Dex: 22      Spells: 5/15 levels left

rFire   . . .      SeeInvis .      - Unarmed
rCold   . . .      Faith    .    (no shield)
rNeg    . . .      Spirit   .    a - +0 robe
rPois   .          Reflect  .    d - melded +0 helmet
rElec   .          Rampage  .    (no cloak)
rCorr   .                        (no gloves)
Will    .....                    c - melded +2 pair of boots of Fogujao {rPois rF- MP+9 Dex+4}
Stlth   ++                       (no amulet)
HPRegen 0.29/turn                l - ring of wizardry
MPRegen 0.14/turn                p - +6 ring of dexterity

@: brilliant, appendages, unable to drink
A: horns 2, talons 2, hooves 2, foul stench 1, sturdy frame 2, deterioration 1,
inability to drink after injury 1
a: End Transformation


You were on level 7 of the Dungeon.
You had temporarily grown beastly horns and talons.
You visited 1 branch of the dungeon, and saw 7 of its levels.

You collected 1605 gold pieces.

Inventory:

Armour
 a - a +0 robe (worn)
 c - the +2 pair of boots of Fogujao (melded) {rPois rF- MP+9 Dex+4}
   (You acquired it on level 1 of the Dungeon)

   Dex:       It affects your dexterity (+4).
   rF:        It makes you vulnerable to fire.
   rPois:     It protects you from poison.
   MP:        It affects your magic capacity (+9).
 d - a +0 helmet (melded)
Jewellery
 e - a ring of fire
 l - a ring of wizardry (left hand)
 p - a +6 ring of dexterity (right hand)
Wands
 f - a wand of flame (20)
 o - a wand of quicksilver (16)
Scrolls
 n - a scroll of immolation
Potions
 b - a potion of lignification
 k - 2 potions of attraction


   Skills:
 + Level 2.1 Fighting
 + Level 3.4 Dodging
 * Level 7.8 Unarmed Combat
 + Level 4.4 Spellcasting
 * Level 5.5 Transmutations


You had 5 spell levels left.
You knew the following spells:

 Your Spells              Type           Power      Damage    Failure   Level
a - Beastly Appendage     Tmut           50%        N/A       1%          1
b - Wereblood             Tmut           25%        N/A       1%          2
c - Spider Form           Tmut/Pois      15%        N/A       8%          3
d - Ice Form              Ice/Tmut       15%        N/A       26%         4

Your spell library contained the following spells:

 Spells                   Type           Power      Damage    Failure   Level
 Static Discharge         Conj/Air       8%         2-3/arc   12%         2
 Sublimation of Blood     Necr           4%         N/A       12%         2
 Petrify                  Tmut/Erth      15%        N/A       26%         4
 Irradiate                Conj/Tmut      7%         3d14      54%         5
 Airstrike                Air            2%         2d(1-17)  58%         4
 Summon Lightning Spire   Summ/Air       4%         N/A       58%         4


Dungeon Overview and Level Annotations

Branches:
Dungeon (7/15)             Temple (0/1) D:6

Altars:
Gozag
Vehumet
Xom


Innate Abilities, Weirdness & Mutations

You have temporarily grown beastly horns and talons.
You have hoof-like feet.
You may rarely emit foul miasma when damaged in melee.
Your movements are less encumbered by armour. (ER -4)
Your body sometimes deteriorates upon taking damage.
You occasionally lose the ability to drink potions when taking damage.


Message History

The killer bee stings you.
You are poisoned.
The killer bee poisons you!
You emit a cloud of foul miasma!
You barely miss the killer bee. Your kick misses the killer bee.
The killer bee is heavily wounded.
You feel sick.
The killer bee is engulfed in dark miasma.
The killer bee is poisoned.
The killer bee barely misses you.
The killer bee is engulfed in dark miasma.
The killer bee looks even sicker.
You kill the killer bee!
You feel sick.
You feel sick.
You feel sick.
Your magical contamination has completely faded away.
You feel sick.
You feel sick.
You feel sick.
You are no longer poisoned.
Okay, then.
The boulder beetle curls into a ball and begins rolling!
Okay, then.
As you read the scroll of fog, it crumbles to dust.
The scroll dissolves into smoke.
Your extra speed is starting to run out.
Your transformation is almost over.
The boulder beetle closely misses you.
The boulder beetle stops rolling and uncurls.
You feel yourself slow down.
You feel clever all of a sudden. The killer bee completely misses you.
Casting: Beastly Appendage (safe; 1% risk of failure)
Confirm with . or Enter, or press ? or * to list all spells.
You feel a surge of power!
You extend your transformation's duration.
The killer bee stings you.
* * * LOW HITPOINT WARNING * * *
You emit a cloud of foul miasma!
The boulder beetle bites you!!
You feel threatened and lose the ability to drink potions!
You die...

#.#####§§..
##.§.≈§§§≈.§§
#.8...8.§§8.§§
#≈.§.≈.§.§.≈§≈
#...8...8...8.
#≈.≈.≈.≈.§.≈.≈
#.8§..8...8...8
#≈.≈@y.§.≈.≈.≈.
#..§8B..8...8..
##§.≈.≈.§.≈.§.≈.≈
#..8...8...8...8§
#.≈.≈.§.≈.§.≈.≈§S
#....8.$.8...8§$§
#.≈.≈.≈.≈.≈§§§§.≈
#..8.§§8§..8§§.
#.#.≈§§§§§§§§§≈


You could see a boulder beetle and a killer bee.

Vanquished Creatures
  Pikel (D:6)
  Edmund (D:6)
  4 ice beasts
  A centaur (D:6)
  An ogre (D:5)
  A phantom (D:6)
  A scorpion (D:6)
  4 killer bees (D:7)
  A lava snake (D:7)
  2 hounds (D:4)
  4 iguanas
  2 orc wizards
  A sleepcap (D:5)
  3 adders
  A white imp (D:7)
  2 ufetubi (D:6)
  A worm (D:3)
  A dart slug (D:1)
  19 orcs
  8 ball pythons
  5 endoplasms
  6 giant cockroaches
  4 goblins
  5 hobgoblins
  6 kobolds
  8 quokkas
  A bat (D:1)
  A frilled lizard (D:1)
  6 rats
101 creatures vanquished.

Notes
Turn   | Place    | Note
-------+----------+-------------------------------------------
     0 | D:1      | LobsterGuardian the Demonspawn Transmuter began the quest
                  | for the Orb.
     0 | D:1      | Reached XP level 1. HP: 15/15 MP: 3/3
   234 | D:1      | Reached skill level 3 in Unarmed Combat
   295 | D:1      | Gained mutation: You may rarely emit foul miasma when
                  | damaged in melee. [demonic ancestry]
   295 | D:1      | Reached XP level 2. HP: 19/21 MP: 3/5
   497 | D:1      | Found a faded altar of an unknown god.
  1217 | D:1      | Identified a scroll of acquirement
  1217 | D:1      | Acquired the +2 pair of boots of Fogujao {rPois rF- MP+9
                  | Dex+4}
  1364 | D:2      | Learned a level 2 spell: Wereblood
  1582 | D:2      | Reached XP level 3. HP: 23/26 MP: 4/6
  2608 | D:2      | Learned a level 3 spell: Spider Form
  2850 | D:3      | Gained mutation: You are frail. (-10% HP) [potion of
                  | mutation]
  2976 | D:3      | Found a radiant altar of Vehumet.
  4092 | D:4      | Gained mutation: Your movements are slightly less
                  | encumbered by armour. (ER -2) [demonic ancestry]
  4092 | D:4      | Reached XP level 4. HP: 22/28 MP: 5/7
  4587 | D:4      | Reached skill level 4 in Unarmed Combat
  4587 | D:4      | Lost mutation: You have razor-sharp toenails. [demonic
                  | ancestry]
  4587 | D:4      | Lost mutation: You have sharp toenails. [demonic ancestry]
  4587 | D:4      | Gained mutation: You have large cloven feet. [demonic
                  | ancestry]
  4587 | D:4      | Reached XP level 5. HP: 26/33 MP: 6/9
  4769 | D:5      | Entered Level 5 of the Dungeon
  4881 | D:5      | Noticed an ice beast
  4889 | D:5      | Killed an ice beast
  5078 | D:5      | Found an opulent altar of Gozag.
  5093 | D:5      | Gained mutation: You have hoof-like feet. [demonic
                  | ancestry]
  5093 | D:5      | Reached XP level 6. HP: 33/38 MP: 7/10
  5491 | D:5      | Learned a level 4 spell: Ice Form
  5670 | D:5      | Reached skill level 5 in Unarmed Combat
  6071 | D:5      | Acquired 1328 gold pieces
  6157 | D:6      | Found a shimmering altar of Xom.
  6162 | D:6      | Noticed Edmund
  6177 | D:6      | Killed Edmund
  6178 | D:6      | Reached XP level 7. HP: 13/43 MP: 2/11
  6474 | D:6      | Lost mutation: You are frail. (-10% HP) [potion of
                  | mutation]
  6474 | D:6      | Gained mutation: Your system is resistant to poisons.
                  | (rPois) [potion of mutation]
  6474 | D:6      | Gained mutation: You have hidden genetic defects. [potion
                  | of mutation]
  6474 | D:6      | Lost mutation: Your system is resistant to poisons. (rPois)
                  | [potion of mutation]
  6889 | D:6      | Noticed Pikel
  6900 | D:6      | Killed Pikel
  6901 | D:6      | Reached skill level 6 in Unarmed Combat
  6901 | D:6      | Gained mutation: Your movements are less encumbered by
                  | armour. (ER -4) [demonic ancestry]
  6901 | D:6      | Reached XP level 8. HP: 48/55 MP: 9/13
  6908 | D:6      | Gained mutation: Your body sometimes deteriorates upon
                  | taking damage. [hidden defects]
  7295 | D:6      | Reached skill level 7 in Unarmed Combat
  7295 | D:6      | Reached skill level 5 in Transmutations
  7504 | D:6      | Gained mutation: You occasionally lose the ability to drink
                  | potions when taking damage. [hidden defects]
  7504 | D:6      | Lost mutation: You have hidden genetic defects. [hidden
                  | defects expressed]
  7855 | D:6      | Found a staircase to the Ecumenical Temple.
  8155 | D:7      | Noticed a boulder beetle
  8227 | D:7      | Mangled by a boulder beetle

Illustrated notes

Levels and vault maps discovered:
D:1:      minmay_arrival_four_loops, layout_basic,
          hellmonk_ecumenical_altar_inner_sanctum, dreamdust_princess_corridor,
          minmay_tetromino_t2
D:2:      layout_basic
D:3:      layout_loops_ring, nicolae_vehumet_altar_sigil
D:4:      layout_basic, minmay_ruptured
D:5:      layout_cave_pools, old_standard_altar, gup_sewer_entry_pipe,
          minmay_misc_feat_enclosed
D:6:      layout_gridville, mainiacjoe_overflow_cross_hatched,
          minmay_temple_entry_from_below_a, uniq_pikel, uniq_edmund
D:7:      cheibrodos_statue_roulette, layout_basic, hangedman_decor_growths,
          kennysheep_crisscross, uniq_prince_ribbit1, uniq_maggie

Skill      XL: |  1  2  3  4  5  6  7  8 |
---------------+-------------------------+-----
Unarmed Combat | 3 4 5 6 7 |  7.8
Transmutations | 2 3 4 5 |  5.5
Dodging        | 2 3 |  3.4
Spellcasting   | 3 4 |  4.4
Fighting       | 2 |  2.1

Action                     |  1- 3 |  4- 6 |  7- 9 || total
---------------------------+-------+-------+-------++-------
  Melee: Unarmed           |   109 |    88 |   100 ||   297
         Kick              |    21 |     9 |    22 ||    52
         Headbutt          |    14 |     6 |    15 ||    35
         Punch             |     2 |       |     1 ||     3
   Cast: Beastly Appendage |    36 |    10 |    13 ||    59
         Spider Form       |       |     4 |     3 ||     7
         Ice Form          |       |     3 |     4 ||     7
Ability: End Transformatio |     1 |       |       ||     1
  Evoke: Wand              |       |     9 |     2 ||    11
    Use: Scroll            |     6 |     4 |     3 ||    13
         Potion            |     1 |       |    10 ||    11
   Stab: Sleeping          |     3 |     1 |       ||     4
 Armour: Robe              |    13 |     1 |     6 ||    20
         Skin              |       |     6 |     2 ||     8
  Dodge: Dodged            |    62 |    58 |    97 ||   217

Table legend: (Time is in decaauts)
 A = Elapsed time spent in this place.
 B = Non-inter-level travel time spent in this place.
 C = Inter-level travel time spent in this place.
 D = Time resting spent in this place.
 E = Time spent auto-exploring this place.
 F = Levels seen in this place.
 G = Mean time per level.
                   A        B        C        D        E       F      G
               +--------+--------+--------+--------+--------+-----+--------+
         Total |   8184 |   8016 |    168 |    196 |   6989 |   7 | 1169.1 |
       Dungeon |   8184 |   8016 |    168 |    196 |   6989 |   7 | 1169.1 |
               +--------+--------+--------+--------+--------+-----+--------+

Top non-repeatable levels by time:
     D:6: 1906 daAuts
     D:5: 1429 daAuts
     D:3: 1390 daAuts
     D:1: 1326 daAuts
     D:2: 1310 daAuts
     D:4: 733 daAuts
     D:7: 88 daAuts
